Map: 나이트쉐이드 - 래더

Players

INnoVation

  • Race: Terran Terran
  • League: Grandmaster
  • Spawn Location: 5:00

Dream - Winner!

  • Race: Terran Terran
  • League: Grandmaster
  • Spawn Location: 11:00

VOD

Have the link to the VOD?

Description

Time

  • Played on: Jan. 15, 2020, 5:54 a.m.
  • Length: 14:55
Show
View Real Time Build Order
Export as new Build Order

INnoVation Terran 

Build Orders:  

Get SALT Encoding   

  12  0:00  SCV  
  13  0:13  Supply Depot  
  13  0:18  SCV  
  14  0:35  Barracks  
  14  0:40  Refinery  
  14  0:54  Barracks  
  14  0:58  SCV  
  15  1:10  SCV  
  16  1:23  Reaper  
  16  1:24  Orbital Command  
  17  1:31  Refinery  
  17  1:41  Reaper  
  18  1:50  Supply Depot  
  18  1:52  SCV  
  19  1:58  Reaper  
  20  2:07  SCV  
  21  2:13  Reaper  
  21  2:19  SCV  
  22  2:29  Factory  
  22  2:31  SCV  
  22  2:35  Reaper  
  24  2:43  SCV  
  25  2:47  Supply Depot  
  25  2:49  Reaper  
  26  2:55  SCV  
  26  3:07  SCV, Reaper  
  26  3:12  Factory Tech Lab  
  28  3:19  SCV  
  29  3:21  Reaper  
  30  3:30  Cyclone  
  30  3:32  SCV  
  34  3:46  Command Center  
  33  3:51  SCV  
  28  4:03  SCV  
  27  4:12  Cyclone  
  27  4:15  SCV  
  31  4:21  Mag-Field Accelerator  
  31  4:27  SCV  
  32  4:39  SCV  
  32  4:44  Cyclone  
  36  4:51  SCV  
  37  4:53  Factory  
  37  4:59  Orbital Command  
  37  5:03  Refinery  
  37  5:04  SCV  
  38  5:16  Cyclone  
  38  5:19  SCV  
  42  5:23  Supply Depot  
  42  5:30  SCV  
  42  5:31  SCV  
  44  5:38  Factory Tech Lab  
  44  5:42  SCV  
  45  5:43  SCV  
  45  5:48  Cyclone  
  49  5:54  Command Center  
  49  5:55  SCV x2  
  51  6:03  Cyclone  
  54  6:09  SCV x2  
  54  6:11  Supply Depot  
  56  6:20  Cyclone  
  56  6:24  SCV, Factory  
  59  6:33  SCV  
  59  6:35  Cyclone  
  59  6:36  SCV  
  60  6:47  SCV  
  55  6:48  SCV  
  55  6:52  Cyclone  
  58  6:58  Refinery  
  58  6:59  SCV  
  58  7:00  SCV  
  54  7:12  Cyclone  
  54  7:13  SCV x2, Orbital Command  
  56  7:19  Factory Tech Lab  
  56  7:25  SCV x2  
  54  7:32  Orbital Command  
  54  7:33  Cyclone  
  57  7:37  SCV x2  
  57  7:41  Cyclone  
  62  7:48  Cyclone  
  62  7:49  SCV x2  
  67  7:57  SCV  
  68  8:01  SCV  
  68  8:02  SCV  
  70  8:07  Cyclone  
  70  8:09  SCV  
  70  8:12  Supply Depot  
  74  8:13  SCV  
  74  8:14  Cyclone, SCV  
  79  8:20  Cyclone  
  79  8:21  SCV  
  79  8:23  Factory  
  79  8:26  SCV x2, Factory, Refinery x2  
  85  8:34  Supply Depot x2, SCV  
  86  8:38  SCV x2  
  88  8:45  Siege Tank  
  88  8:48  SCV  
  92  8:50  SCV  
  93  8:56  Siege Tank x2, SCV  
  93  8:57  Supply Depot x2  
  93  9:00  SCV  
  93  9:02  SCV  
  102  9:07  Factory Reactor  
  102  9:08  SCV, Infernal Pre-Igniter  
  103  9:12  Factory Reactor  
  103  9:15  SCV x2  
  103  9:20  SCV  
  104  9:29  Siege Tank x2  
  104  9:30  SCV x2  
  112  9:37  Engineering Bay  
  112  9:38  Siege Tank  
  115  9:43  Supply Depot  
  115  9:46  Hellion x2  
  115  9:50  Hellion  
  121  9:54  Armory  
  121  9:59  Armory  
  121  10:01  Siege Tank  
  121  10:05  Siege Tank  
  127  10:10  Supply Depot x2  
  127  10:13  SCV  
  127  10:14  SCV x2  
  133  10:21  Siege Tank  
  133  10:34  Siege Tank  
  136  10:37  Siege Tank  
  136  10:38  Hellion x3  
  136  10:39  Hellion  
  136  10:42  Supply Depot  
  147  10:47  Supply Depot  
  147  10:49  SCV x2  
  138  10:52  Terran Vehicle Weapons Level 1  
  138  10:53  Terran Vehicle And Ship Armor Level 1  
  120  10:57  Siege Tank  
  119  11:07  Siege Tank  
  119  11:11  SCV x3  
  119  11:16  Siege Tank  
  119  11:18  Hellion  
  122  11:26  Hellion x2  
  122  11:28  SCV  
  122  11:29  Siege Tank  
  107  11:40  SCV x3  
  99  11:52  Siege Tank x2  
  99  11:53  Hellion  
  95  11:57  SCV  
  95  11:58  SCV  
  90  12:10  Siege Tank  
  93  12:18  Hellion x2  
  93  12:24  Cyclone  
  93  12:29  Cyclone  
  92  12:39  SCV x3  
  95  12:50  Cyclone  
  86  12:56  Cyclone  
  89  12:59  Hellion x2  
  89  13:01  Hellion  
  89  13:04  Missile Turret  
  95  13:08  SCV x2  
  86  13:23  Cyclone x2  
  86  13:25  SCV x3  
  92  13:30  Cyclone  
  95  13:37  SCV x2  
  95  13:38  SCV  
  96  13:45  Hellion x2  
  96  13:47  Hellion  
  99  13:55  Siege Tank x2  
  102  13:58  Hellion  
  102  14:02  Siege Tank  
  103  14:03  Starport x2, SCV  
  103  14:04  SCV  
  103  14:07  SCV  
  90  14:16  SCV  
  91  14:23  Hellion x2  
  95  14:30  SCV x2  
Show
View Real Time Build Order
Export as new Build Order

Dream Terran - Winner!

Build Orders: 1/1/1, Liberator Opening 

Get SALT Encoding   

  12  0:00  SCV  
  13  0:12  SCV  
  14  0:17  Supply Depot  
  14  0:24  SCV  
  14  0:27  Refinery  
  15  0:38  SCV  
  16  0:44  Barracks  
  16  0:50  SCV  
  16  0:54  Refinery  
  17  1:03  SCV  
  18  1:15  SCV  
  19  1:31  Reaper, Orbital Command  
  20  1:35  Factory  
  20  1:56  Supply Depot  
  20  1:57  SCV  
  21  2:03  Marine  
  21  2:09  SCV  
  22  2:19  Hellion  
  22  2:21  Marine  
  23  2:24  SCV  
  23  2:25  Starport  
  24  2:36  SCV  
  25  2:40  Marine  
  25  2:41  Hellion  
  25  2:42  Supply Depot  
  28  2:47  Liberator  
  28  2:48  SCV  
  28  3:03  SCV  
  30  3:08  Hellion  
  32  3:14  Marine  
  32  3:16  SCV  
  34  3:28  SCV  
  34  3:31  Factory Tech Lab  
  35  3:37  Marine  
  35  3:40  SCV  
  37  3:44  Supply Depot  
  37  3:52  SCV  
  38  4:04  SCV  
  38  4:06  Command Center  
  38  4:07  Medivac  
  41  4:12  Cyclone  
  41  4:23  SCV, Liberator  
  42  4:29  Mag-Field Accelerator  
  40  4:35  SCV  
  41  4:43  Marine  
  45  4:46  Supply Depot  
  45  4:48  SCV  
  46  5:00  SCV, Factory  
  47  5:08  Cyclone, Refinery  
  47  5:10  Refinery  
  50  5:17  SCV  
  50  5:18  Orbital Command  
  48  5:29  SCV  
  49  5:40  Cyclone  
  49  5:41  SCV  
  53  5:42  Factory  
  53  5:43  Factory Tech Lab  
  53  5:45  SCV  
  54  5:53  SCV  
  56  5:57  SCV  
  56  6:02  Cyclone  
  59  6:05  SCV  
  59  6:09  SCV  
  61  6:12  Cyclone  
  61  6:14  Supply Depot  
  61  6:18  SCV  
  65  6:21  SCV  
  66  6:32  Factory Reactor  
  63  6:33  Command Center  
  63  6:35  SCV x2  
  63  6:38  Liberator  
  63  6:39  Cyclone  
  60  6:45  Cyclone  
  56  6:47  SCV x2  
  58  6:59  SCV x2  
  63  7:09  Hellion  
  63  7:11  Cyclone, SCV x2  
  64  7:17  Cyclone  
  64  7:21  Hellion  
  64  7:22  Supply Depot  
  69  7:24  SCV x2  
  69  7:27  Liberator  
  71  7:35  Hellion  
  71  7:36  SCV x2  
  72  7:41  Supply Depot  
  72  7:43  Cyclone  
  75  7:48  SCV  
  75  7:49  Cyclone  
  83  7:51  SCV  
  83  7:52  Orbital Command  
  83  7:56  Hellion x2  
  87  8:00  SCV  
  87  8:03  SCV, Factory  
  87  8:04  Factory  
  89  8:12  SCV  
  90  8:14  Armory x2  
  90  8:15  SCV  
  91  8:21  Hellion x2  
  91  8:24  SCV x2  
  91  8:26  Refinery x2  
  97  8:28  Supply Depot, SCV  
  97  8:30  Cyclone  
  97  8:33  Cyclone  
  104  8:37  SCV  
  104  8:38  Supply Depot  
  105  8:42  Supply Depot  
  105  8:43  SCV  
  105  8:46  Infernal Pre-Igniter  
  105  8:48  Hellion  
  108  8:49  Factory Tech Lab, Factory Reactor  
  108  8:50  Hellion  
  108  8:52  Supply Depot  
  108  8:53  SCV  
  108  8:54  SCV  
  112  9:02  SCV  
  113  9:10  Terran Vehicle Weapons Level 1, Terran Vehicle And Ship Armor Level 1  
  113  9:11  SCV  
  108  9:21  Siege Tank x2  
  108  9:22  SCV x2  
  108  9:23  SCV  
  117  9:24  Supply Depot, Siege Tank  
  117  9:25  Command Center, Liberator  
  117  9:29  Hellion x2  
  124  9:33  Hellion x2  
  128  9:40  Supply Depot x2  
  131  9:50  Supply Depot  
  131  9:53  Siege Tank x2  
  134  10:00  Hellion  
  134  10:01  Hellion  
  134  10:02  Hellion x2  
  142  10:24  Siege Tank  
  142  10:25  Siege Tank x2  
  142  10:27  Hellion x2  
  142  10:28  Supply Depot x2, Hellion x2  
  159  10:33  Barracks  
  153  10:53  Hellion x2  
  153  10:54  Hellion x2  
  153  10:56  Siege Tank  
  130  10:57  Siege Tank  
  130  10:58  Siege Tank  
  134  11:10  Terran Vehicle Weapons Level 2, Terran Vehicle And Ship Armor Level 2  
  118  11:22  Hellion x2  
  122  11:27  Hellion  
  122  11:28  Siege Tank  
  122  11:29  Siege Tank  
  122  11:30  Siege Tank  
  124  11:37  SCV  
  124  11:38  SCV x2  
  122  11:45  Liberator  
  116  11:47  Hellion x3  
  116  11:50  SCV x3  
  123  12:00  Siege Tank  
  126  12:02  Siege Tank  
  126  12:07  Hellion  
  131  12:12  SCV x3  
  122  12:18  Siege Tank, Hellion  
  122  12:19  Hellion  
  127  12:32  Factory  
  127  12:33  Siege Tank  
  127  12:35  Factory  
  130  12:45  Siege Tank  
  130  12:47  Liberator, Hellion x3  
  130  12:50  Siege Tank, Hellion  
  125  13:01  Factory  
  125  13:05  Siege Tank  
  131  13:12  Hellion x3  
  133  13:13  Hellion  
  133  13:24  Siege Tank  
  133  13:25  Cyclone  
  133  13:26  Factory Tech Lab  
  133  13:27  Factory Tech Lab  
  139  13:32  Liberator  
  139  13:37  Cyclone  
  139  13:39  SCV x3  
  132  13:50  Siege Tank x2  
  132  13:54  Hellion  
  132  13:55  Hellion  
  130  14:10  Cyclone x2  
  130  14:13  Command Center  
  132  14:19  Cyclone  
  132  14:21  Hellion  
  132  14:22  Cyclone x2  
  143  14:29  Hellion x2  
  137  14:34  SCV  
  137  14:35  SCV x2  
Tags
 
Add a new tag
Caveats
  • Supply blocks, unpowered buildings, or Contaminate may cause inaccurate times.
  • Supply counts are checked every 10 seconds.